 Dungeon Crawl Stone Soup version 0.30.0-29-ga12c61a403 (webtiles) character file.

Game seed: 9088141834168679501

3746 jurchenman the Thaumaturge (level 9, -6/45 HPs)
             Began as a Deep Elf Conjurer on June 21, 2023.
             Was an Initiate of Vehumet.
             Engulfed by a cloud of flame (16 damage)
             ... on level 8 of the Dungeon.
             The game lasted 00:30:38 (8718 turns).

jurchenman the Thaumaturge (Deep Elf Conjurer)      Turns: 8718, Time: 00:30:39

Health: -6/45      AC:  5    Str:  4    XL:     9   Next: 93%
Magic:  11/24      EV: 15    Int: 32    God:    Vehumet [......]
Gold:   435        SH:  0    Dex: 13    Spells: 0/27 levels left

rFire   . . .        d - +3 short sword (elec)
rCold   x . .        (no shield)
rNeg    . . .        a - +0 robe
rPois   .            (no helmet)
rElec   .            l - scarf of Waudd {repulsion, rF- Int+4 SInv}
rCorr   .            (no gloves)
SInv    +            o - +2 pair of boots
Will    .....        (no amulet)
Stlth   ++           g - ring of wizardry
HPRegen 0.27/turn    A - ring of fire
MPRegen 0.19/turn

%: repel missiles, wizardry (x1)
@: no status effects
A: no striking features
a: Renounce Religion


You were on level 8 of the Dungeon.
You worshipped Vehumet.
Vehumet was noncommittal.
You visited 2 branches of the dungeon, and saw 9 of its levels.

You collected 435 gold pieces.

Inventory:

Hand Weapons
 d - a +3 short sword of electrocution (weapon)
 f - a +0 dagger of flaming
 u - a +0 dagger of venom
Missiles
 p - 4 throwing nets
Armour
 a - a +0 robe (worn)
 l - the scarf of Waudd (worn) {repulsion, rF- Int+4 SInv}
   (You found it on level 2 of the Dungeon)

   Int:       It affects your intelligence (+4).
   rF:        It makes you vulnerable to fire.
   SInv:      It lets you see invisible.
 o - a +2 pair of boots (worn)
Magical Staves
 s - a staff of air
Jewellery
 g - a ring of wizardry (left hand)
 A - a ring of fire (right hand)
 B - a ring of willpower
 C - a ring of positive energy
Wands
 b - a wand of digging (4)
 j - a wand of mindburst (28)
 w - a wand of flame (21)
 y - a wand of polymorph (11)
Scrolls
 e - a scroll of identify
 h - 2 scrolls of fear
 k - a scroll of blinking
 t - a scroll of teleportation
Potions
 c - a potion of heal wounds
 i - a potion of brilliance {unknown}
 m - 3 potions of berserk rage
 n - 3 potions of might
 q - 2 potions of flight
 r - 6 potions of curing
 v - 2 potions of degeneration {unknown}
 x - a potion of cancellation {unknown}
 z - a potion of attraction {unknown}


   Skills:
 + Level 7.1 Dodging
 - Level 2.4 Stealth
 + Level 9.8 Spellcasting
 + Level 9.0 Conjurations
 - Level 6.3 Hexes
 + Level 5.2 Translocations
 + Level 4.7 Fire Magic


You couldn't memorise any spells.
You knew the following spells:

 Your Spells              Type           Power      Damage    Failure   Level
a - Magic Dart            Conj           100%       1d8       1%          1
b - Searing Ray           Conj           100%       2d8       1%          2
c - Dazzling Flash        Conj/Hex       100%       N/A       1%          3
d - Fulminant Prism       Conj/Hex       30%        3d16      1%          4
e - Iskenderun's Mystic   Conj/Tloc      57%        2d12      1%          4
f - Inner Flame           Hex/Fire       67%        N/A       1%          3
g - Passwall              Tmut/Erth      12%        N/A       1%          2
h - Flame Wave            Conj/Fire      74%        2d16      1%          4
i - Sticky Flame          Conj/Fire      74%        2d9       1%          4

Your spell library contained the following spells:

 Spells                   Type           Power      Damage    Failure   Level
 Apportation              Tloc           98%        N/A       1%          1
 Necrotise                Necr           60%        1d7       1%          1
 Summon Small Mammal      Summ           60%        N/A       1%          1
 Ensorcelled Hibernation  Hex/Ice        72%        N/A       1%          2
 Volatile Blastmotes      Fire/Tloc      100%       2d18      1%          3
 Swiftness                Air            15%        N/A       4%          3
 Vampiric Draining        Necr           15%        2d7       4%          3
 Olgreb's Toxic Radiance  Pois           15%        N/A       12%         4
 Starburst                Conj/Fire      37%        6d11      12%         6
 Agony                    Necr           15%        N/A       32%         5
 Alistair's Intoxication  Tmut/Pois      10%        N/A       32%         5
 Discord                  Hex            27%        N/A       99%         8
 Ignition                 Fire           31%        3d10      100%        8


Dungeon Overview and Level Annotations

Branches:
Dungeon (8/15)             Temple (1/1) D:7
   Lair: D:8-11

Altars:
Ashenzari
Cheibriados
Dithmenos
Elyvilon
Fedhas
Gozag
Hepliaklqana
Kikubaaqudgha
Makhleb
Nemelex Xobeh
Okawaru
Qazlal
Ru
Sif Muna
Trog
Uskayaw
Vehumet
Wu Jian
Xom
Yredelemnul
Zin
The Shining One

Shops:
D:3 !(=?*   D:7 *   D:8 !

Annotations:
D:3 3 runed translucent doors, PedroKMD's ghost, amateur HOMo; SweetJohnnyV's ghost, weakling MiBe; ppsocheesy's ghost, weakling HOWn
D:5 3 runed translucent doors, Libra00's ghost, novice TrFi


Message History

The magic dart hits the sky beast but does no damage.
The sky beast is almost dead.
Casting: Magic Dart (safe; 1% risk of failure)
Confirm with . or Enter, or press ? or * to list all spells.
Aiming: Magic Dart (safe; 1% risk of failure)
Press: ? - help, Shift-Dir - straight line, f/p - sky beast
Aim: a sky beast (almost dead, 100% to hit)
The magic dart hits the sky beast.
The sky beast is almost dead.
Casting: Magic Dart (safe; 1% risk of failure)
Confirm with . or Enter, or press ? or * to list all spells.
Aiming: Magic Dart (safe; 1% risk of failure)
Press: ? - help, Shift-Dir - straight line, f/p - sky beast
Aim: a sky beast (almost dead, 100% to hit)
The magic dart hits the sky beast.
The sky beast is almost dead.
The sky beast hits you but does no damage.
Unknown command.
Casting: Magic Dart (safe; 1% risk of failure)
Confirm with . or Enter, or press ? or * to list all spells.
Aiming: Inner Flame (safe; 1% risk of failure)
Press: ? - help, Dir - move target, f/p - sky beast
Aim: a sky beast (almost dead, chance to affect: 97%)
You feel a surge of power!
The sky beast is filled with an inner flame.
The sky beast flickers out of sight for a moment.
The sky beast closely misses you. The sky beast attacks as you move away!
The sky beast hits you. The sky beast shocks you.
There is a stone staircase leading down here.
Casting: Inner Flame (safe; 1% risk of failure)
Confirm with . or Enter, or press ? or * to list all spells.
You erupt in a blast of force!
The mystic blast hits the sky beast!
Vehumet accepts your kill.
The sky beast explodes!
The fiery explosion engulfs you!!
Ouch! That really hurt!
* * * LOW HITPOINT WARNING * * *
You are engulfed in blazing flames.
You die...

#....# #....# ##...######
#.........## ##
###..........## ..
#.............### ..
#...............## ..##.
#..§§............#
......#.§>@..##.......###
........#.§...#.......#.###
.....##.##.##.#.........#..
...#..####.##.......#......
.. ....##.......>..###.....
...).............#...#..
.....................#..
..##.###.........#.#.# #
#.........###.##


There were no monsters in sight!

Vanquished Creatures
  Pikel (D:6)
  Maggie (D:7)
  Sigmund (D:4)
  2 wyverns
  A wraith (D:8)
  Edmund (D:5)
  2 sky beasts
  2 black bears (D:6)
  An ice beast (D:7)
  An ogre (D:4)
  3 centaurs
  2 phantoms
  2 lemures (D:6)
  A kobold brigand (D:7)
  3 bullfrogs
  A gnoll sergeant (D:6)
  A scorpion (D:5)
  3 wights (D:7)
  2 orc priests (D:7)
  7 hounds
  A gnoll bouda (D:8)
  2 jellies
  A sleepcap (D:5)
  2 iguanas (D:4)
  7 orc wizards
  Natasha (thrice) (D:2)
  10 gnolls
  4 adders
  3 white imps
  2 ufetubi (D:6)
  An adder skeleton (D:2)
  A worm (D:2)
  2 dart slugs
  20 orcs
  A ball python (D:2)
  4 bats
  7 endoplasms
  A giant cockroach (D:4)
  7 goblins
  6 hobgoblins
  5 quokkas
  A ball python skeleton (D:2)
  4 frilled lizards
  A giant cockroach zombie (D:2)
  A jackal zombie (D:2)
  9 kobolds
  A quokka zombie (D:2)
  2 rats
  A spectral jackal (D:2)
148 creatures vanquished.

Vanquished Creatures (others)
  7 fulminant prisms
7 creatures vanquished.

Grand Total: 155 creatures vanquished

Notes
Turn   | Place    | Note
-------+----------+-------------------------------------------
     0 | D:1      | jurchenman the Deep Elf Conjurer began the quest for the
                  | Orb.
     0 | D:1      | Reached XP level 1. HP: 10/10 MP: 6/6
   143 | D:1      | Reached XP level 2. HP: 15/15 MP: 2/8
  1019 | D:2      | Reached skill level 5 in Conjurations
  1019 | D:2      | Reached XP level 3. HP: 19/19 MP: 6/10
  1241 | D:2      | Identified the scarf of Waudd {repulsion, rF- Int+4 SInv}
  1361 | D:2      | Noticed Natasha
  1731 | D:1      | Learned a level 2 spell: Searing Ray
  1842 | D:2      | Learned a level 3 spell: Dazzling Flash
  1964 | D:2      | Killed Natasha
  1965 | D:2      | Reached skill level 1 in Hexes
  2061 | D:2      | Identified the +7 dagger of Utsosh {pain, rF+ Will+ MP+9
                  | Dex+4}
  2110 | D:2      | Reached XP level 4. HP: 24/24 MP: 5/12
  2267 | D:2      | Noticed Natasha
  2271 | D:2      | Killed Natasha
  2479 | D:2      | Noticed Natasha
  2484 | D:2      | HP: 1/24 [cerulean imp/+0 spear[Natasha] (4)]
  2485 | D:2      | Killed Natasha
  2599 | D:3      | Found Kiewiut's Weapon Emporium.
  2604 | D:3      | Reached skill level 5 in Spellcasting
  2708 | D:3      | Found an ornate altar of the Wu Jian Council.
  2724 | D:3      | Found a white marble altar of Elyvilon.
  2739 | D:3      | Found a runed translucent gate.
  2740 | D:3      | Found a runed translucent gate.
  2743 | D:3      | Found a runed translucent gate.
  2744 | D:3      | Noticed ppsocheesy's ghost (weakling HOWn)
  2745 | D:3      | Noticed PedroKMD's ghost (amateur HOMo)
  2745 | D:3      | Noticed SweetJohnnyV's ghost (weakling MiBe)
  2844 | D:3      | Reached XP level 5. HP: 22/28 MP: 10/14
  2887 | D:3      | Found Xuzez's Distillery.
  3002 | D:3      | Found Ipeturph's Magic Scroll Shop.
  3006 | D:3      | Found Dyrghol's Jewellery Shoppe.
  3007 | D:3      | Found Isifeol's General Store.
  3246 | D:4      | Noticed Sigmund
  3270 | D:4      | Killed Sigmund
  3271 | D:4      | Reached XP level 6. HP: 13/32 MP: 7/16
  3563 | D:4      | Found a broken altar of Ashenzari.
  3920 | D:4      | Reached XP level 7. HP: 27/36 MP: 8/18
  4156 | D:4      | Found a glowing silver altar of Zin.
  4156 | D:4      | Noticed an angel
  4304 | D:4      | Learned a level 4 spell: Fulminant Prism
  4305 | D:5      | Entered Level 5 of the Dungeon
  4473 | D:5      | Reached skill level 5 in Hexes
  4795 | D:5      | Found a runed translucent gate.
  4796 | D:5      | Found a runed translucent gate.
  4797 | D:5      | Found a runed translucent gate.
  4866 | D:5      | Learned a level 4 spell: Iskenderun's Mystic Blast
  4899 | D:5      | Noticed Edmund
  4914 | D:5      | Killed Edmund
  5080 | D:5      | Noticed Libra00's ghost (novice TrFi)
  5348 | D:6      | Reached skill level 1 in Translocations
  5348 | D:6      | Reached XP level 8. HP: 41/41 MP: 15/21
  5638 | D:6      | Learned a level 3 spell: Inner Flame
  5704 | D:6      | You fall into a shaft and drop 1 floor!
  5774 | D:6      | Found a basalt altar of Yredelemnul.
  5978 | D:6      | Noticed Pikel
  5993 | D:6      | Killed Pikel
  5994 | D:6      | Reached skill level 5 in Dodging
  6143 | D:6      | Reached XP level 9. HP: 44/45 MP: 17/23
  7465 | D:7      | Learned a level 2 spell: Passwall
  7470 | D:7      | Learned a level 4 spell: Flame Wave
  7516 | D:7      | Found a burning altar of Makhleb.
  7517 | D:7      | Found an iron altar of Okawaru.
  7573 | D:7      | Noticed Maggie
  7668 | D:7      | Killed Maggie
  7733 | D:7      | Found Popucet's General Store.
  7754 | D:7      | Found a staircase to the Ecumenical Temple.
  7764 | Temple   | Entered the Ecumenical Temple
  7772 | Temple   | Became a worshipper of Vehumet
  8050 | D:8      | Reached skill level 5 in Translocations
  8246 | D:8      | Found Baacsif's Distillery.
  8571 | D:8      | Learned a level 4 spell: Sticky Flame
  8718 | D:8      | Engulfed by a cloud of flame

Illustrated notes

Levels and vault maps discovered:
D:1:      dpeg_arrival_rhombi, layout_rooms, hangedman_decor_opposing
D:2:      layout_basic, dilly_guarded_unrand_morg
D:3:      layout_rooms, mainiacjoe_overflow_alcove_1,
          nicolae_elyvilon_peaceful_grove, gammafunk_ghost_cemetery,
          serial_shops, shop_scrolls, shop, shop, shop_statue,
          nicolae_shop_stone, minmay_misc_feat_enclosed
D:4:      layout_basic, zin_angel, cheibrodos_ashenzari_chains,
          minmay_misc_feat_chi, nrook_mini_vaults, kennysheep_potato,
          uniq_sigmund
D:5:      layout_cave_pools, gammafunk_ghost_icy, uniq_edmund
D:6:      layout_basic, mainiacjoe_overflow_alcove_2, uniq_pikel
D:7:      layout_cave_pools, gammafunk_temple_overflow_statue,
          minmay_temple_entry_offerings, serial_shops, shop, uniq_maggie
D:8:      layout_cave_pools, serial_shops, nicolae_shop_behind_doors
Temple:   nicolae_temple_no_exploring_needed

Skill      XL: |  1  2  3  4  5  6  7  8  9 |
---------------+----------------------------+-----
Spellcasting   | 4 5 6 7 8 9 |  9.8
Conjurations   | 5 6 7 8 9 |  9.0
Hexes          | 1 2 3 4 5 6 |  6.3
Dodging        | 4 5 7 |  7.1
Translocations | 1 3 5 |  5.2
Fire Magic     | 2 4 |  4.7
Stealth        | |  2.4

Action                     |  1- 3 |  4- 6 |  7- 9 || total
---------------------------+-------+-------+-------++-------
  Melee: Short sword       |     1 |       |     3 ||     4
   Cast: Magic Dart        |    67 |    46 |   108 ||   221
         Searing Ray       |     1 |    13 |    40 ||    54
         Dazzling Flash    |       |       |     3 ||     3
         Iskenderun's Myst |       |       |    10 ||    10
         Fulminant Prism   |       |       |     7 ||     7
         Inner Flame       |       |       |     1 ||     1
         Flame Wave        |       |       |     1 ||     1
    Use: Scroll            |     4 |     7 |     9 ||    20
         Potion            |       |     1 |     3 ||     4
   Stab: Sleeping          |       |       |     1 ||     1
 Armour: Robe              |     1 |     3 |    10 ||    14
  Dodge: Dodged            |     8 |     9 |    46 ||    63
         Repelled          |     1 |       |     1 ||     2
